 Dungeon Crawl Stone Soup version 0.27-a0-67-g4bfc8a49e1 (webtiles) character file.

Game seed: 5400949480318908165

2076 Borgoz the Carver (level 9, -4/62 HPs)
             Began as a Halfling Fighter on Jan 9, 2021.
             Was an Initiate of Ashenzari.
             Slain by Grum
             ... wielding a +0 vorpal spear
              (5 damage)
             ... on level 8 of the Dungeon.
             The game lasted 00:11:40 (8982 turns).

Borgoz the Carver (Halfling Fighter)                Turns: 8982, Time: 00:11:40

Health: -4/62      AC: 10    Str: 17    XL:     9   Next: 51%
Magic:  0/9        EV:  9    Int:  6    God:    Ashenzari [......]
Gold:   418        SH: 11    Dex: 17    Spells: 8/8 levels left

rFire    . . .     SeeInvis .   a - +1 long sword
rCold    . . .     Faith    .   c - +0 kite shield
rNeg     . . .     Spirit   +   b - +1 scale mail
rPois    .         Reflect  .   (no helmet)
rElec    .         Harm     .   p - +0 cloak
rCorr    .         Rampage  .   (no gloves)
Will     .....                  (no boots)
Stlth    ..........             y - amulet of guardian spirit
HPRegen  0.20/turn              (no ring)
MPRegen  0.11/turn              (no ring)

@: no status effects
A: small, mutation resistance 1
a: Renounce Religion, Curse Item


You were on level 8 of the Dungeon.
You worshipped Ashenzari.
Ashenzari was noncommittal.
You visited 2 branches of the dungeon, and saw 9 of its levels.

You collected 418 gold pieces.

Inventory:

Hand Weapons
 a - a +1 long sword (weapon)
Missiles
 s - 2 throwing nets (quivered)
Armour
 b - a +1 scale mail (worn)
 c - a +0 kite shield (worn)
 p - a +0 cloak (worn)
Jewellery
 h - an uncursed amulet of reflection
 v - the ring of the Lich-sworn {*Tele +Fly rN+ Will+}
   (You found it on level 5 of the Dungeon)

   [ring of teleportation]

   It may teleport you next to monsters.
   It protects you from negative energy.
   It affects your willpower, your defense against some magical effects.
   It lets you fly.
 y - an amulet of guardian spirit (around neck)
Wands
 u - a wand of random effects (14)
 A - a wand of disintegration (16)
Scrolls
 e - a scroll of remove curse
 f - 2 scrolls of magic mapping {unknown}
 g - 2 scrolls of enchant weapon
 i - a scroll of teleportation
 k - 3 scrolls of fog
 m - a scroll of enchant armour
 w - a scroll of random uselessness {unknown}
 x - a scroll of amnesia {unknown}
Potions
 d - a potion of might
 j - a potion of degeneration {unknown}
 l - 2 potions of magic
 n - 2 potions of haste
 o - 4 potions of curing
 q - 2 potions of mutation
 r - 2 potions of lignification


   Skills:
 + Level 5.6 Fighting
 * Level 8.0 Long Blades
 + Level 6.9 Armour
 - Level 6.0 Shields


You had 8 spell levels left.
You didn't know any spells.
Your spell library contained the following spells:

 Spells                   Type           Power        Failure   Level
 Cause Fear               Hex            0%           100%        4
 Silence                  Hex/Air        0%           100%        5
 Yara's Violent Unravell  Hex/Tmut       0%           100%        5
 Discord                  Hex            0%           100%        8


Dungeon Overview and Level Annotations

Branches:
Dungeon (8/15)             Temple (1/1) D:5
   Lair: D:8-11

Altars:
Ashenzari
Cheibriados
Dithmenos
Elyvilon
Gozag
Kikubaaqudgha
Makhleb
Nemelex Xobeh
Okawaru
Qazlal
Ru
Sif Muna
Trog
Uskayaw
Vehumet
Wu Jian
Zin
The Shining One

Annotations:
D:8 Grum


Innate Abilities, Weirdness & Mutations

You are small and have problems with some larger weapons.
You are somewhat resistant to further mutation.


Message History

Grum hits you with a +0 vorpal spear.
* * * LOW HITPOINT WARNING * * *
x2 You hit Grum.
Grum is heavily wounded.
The worker ant zombie bites you but does no damage.
Grum grunts.
Grum hits you but does no damage.
You closely miss Grum.
Grum is heavily wounded.
You block the worker ant zombie's attack.
Grum hits you with a +0 vorpal spear!
* * * LOW HITPOINT WARNING * * *
x2 You feel better.
You block the worker ant zombie's attack.
Grum hits you but does no damage.
It was a potion of mutation.
You feel extremely strange.
You block the worker ant zombie's attack.
Grum hits you with a +0 vorpal spear!
* * * LOW HITPOINT WARNING * * *
You die...

#### #.........
...#########.........
....#..........†....
........##.........
.... #............
..# ##<#......... #
##.###............
#.#.g##..#..<.######
#..@#h..###....####
......Z##.###
#.##....# .##.... #.#
#.###...# ........hh#
#.# ##### ..#..^.##Z#
#.# . #.##. ... #.#
.. ## ... #.# ..
#.... #.# #.... ...


You could see Grum and a worker ant zombie.

Vanquished Creatures
  Joseph (D:7)
  Prince Ribbit (D:7)
  Sigmund (D:6)
  A black bear (D:6)
  A sky beast (D:6)
  An ogre (D:6)
  A wolf (D:8)
  2 centaurs
  A jelly (D:6)
  A hound (D:8)
  3 orc priests
  5 orc wizards
  Crazy Yiuf (D:6)
  2 iguanas
  6 worker ants
  2 worker ant zombies
  A howler monkey skeleton (D:6)
  4 adders
  6 gnolls
  2 shadow imps
  4 white imps
  2 ufetubi (D:5)
  4 oozes
  An adder zombie (D:6)
  5 worms
  4 dart slugs
  6 leopard geckos
  28 orcs
  14 bats
  2 giant cockroaches
  8 goblins
  6 hobgoblins
  13 jackals
  6 kobolds
  2 quokkas
  9 frilled lizards
  A leopard gecko zombie (D:5)
  7 rats
165 creatures vanquished.

Vanquished Creatures (others)
  4 plants (D:7)
4 creatures vanquished.

Grand Total: 169 creatures vanquished

Notes
Turn   | Place    | Note
-------+----------+-------------------------------------------
     0 | D:1      | Borgoz the Halfling Fighter began the quest for the Orb.
     0 | D:1      | Reached XP level 1. HP: 15/15 MP: 1/1
   191 | D:1      | Reached XP level 2. HP: 20/20 MP: 2/2
   351 | D:1      | Reached XP level 3. HP: 21/25 MP: 3/3
  1207 | D:2      | Found a glowing silver altar of Zin.
  1298 | D:2      | You fall into a shaft and drop 2 floors!
  1515 | D:4      | Reached skill level 3 in Long Blades
  1515 | D:4      | Reached XP level 4. HP: 31/31 MP: 4/4
  1548 | D:4      | Found an iron altar of Okawaru.
  1824 | D:3      | Reached XP level 5. HP: 36/36 MP: 5/5
  2008 | D:3      | Found a radiant altar of Vehumet.
  2372 | D:2      | Reached XP level 6. HP: 30/42 MP: 6/6
  2393 | D:2      | Reached skill level 4 in Long Blades
  4428 | D:5      | Entered Level 5 of the Dungeon
  4590 | D:5      | Got a transparent bronze ring
  4661 | D:5      | Identified the ring of the Lich-sworn {*Tele +Fly rN+
                  | Will+} (You found it on level 5 of the Dungeon)
  4853 | D:5      | Reached XP level 7. HP: 44/47 MP: 7/7
  5243 | D:5      | Reached skill level 5 in Long Blades
  5243 | D:5      | Reached skill level 5 in Shields
  5367 | D:5      | Found a snail-covered altar of Cheibriados.
  5378 | D:5      | Found a shadowy altar of Dithmenos.
  5517 | D:5      | Found a staircase to the Ecumenical Temple.
  5524 | Temple   | Entered the Ecumenical Temple
  5634 | Temple   | Became a worshipper of Ashenzari the Shackled
  6081 | D:6      | Reached skill level 5 in Armour
  6184 | D:6      | Reached XP level 8. HP: 54/54 MP: 8/8
  6218 | D:6      | Reached skill level 6 in Long Blades
  6857 | D:6      | Found a white marble altar of Elyvilon.
  6864 | D:6      | Found an ancient bone altar of Kikubaaqudgha.
  6869 | D:6      | Found a bloodstained altar of Trog.
  7175 | D:6      | Noticed Sigmund
  7188 | D:6      | Killed Sigmund
  7302 | D:6      | Found a runed translucent door.
  7303 | D:6      | Noticed Crazy Yiuf
  7355 | D:6      | Killed Crazy Yiuf
  7485 | D:7      | Noticed Joseph
  7485 | D:7      | Noticed a two-headed ogre
  7487 | D:7      | Noticed Prince Ribbit
  7771 | D:7      | Killed Joseph
  7772 | D:7      | Reached skill level 5 in Fighting
  7772 | D:7      | Reached skill level 7 in Long Blades
  7772 | D:7      | Reached XP level 9. HP: 31/61 MP: 1/9
  7790 | D:7      | Killed Prince Ribbit
  8491 | D:7      | HP: 1/61 [two-headed ogre/+0 giant club (9)]
  8950 | D:8      | Noticed Grum
  8964 | D:8      | Reached skill level 8 in Long Blades
  8982 | D:8      | HP: 1/62 [Grum/+0 vorpal spear (16)]
  8982 | D:8      | Slain by Grum

Illustrated notes

Levels and vault maps discovered:
D:1:      kennysheep_arrival_forest, layout_basic
D:2:      cheibrodos_helix_gallery, layout_loops_ring,
          lemuel_coloured_pillars_altar
D:3:      layout_basic, fiery_altar_vehumet
D:4:      layout_layer_cave, kennysheep_mini
D:5:      layout_loops_cross, overflow_temple_1_default,
          grunt_dithmenos_smoke_and_mirrors, minmay_temple_entry_nine_rooms,
          corner_web_ring
D:6:      layout_basic, minmay_overflow_temple_star_quad, uniq_sigmund,
          uniq_crazy_yiuf_cottage
D:7:      layout_basic, worms_lemuel, uniq_pikel, uniq_prince_ribbit1,
          uniq_joseph
D:8:      minmay_gate_of_8, layout_rooms, regret_index_temple_of_mockery,
          nicolae_overflow_crystal_walls, uniq_grum
Temple:   eino_temple_lava

Skill      XL: |  1  2  3  4  5  6  7  8  9 |
---------------+----------------------------+-----
Fighting       | 3 4 5 |  5.6
Long Blades    | 3 4 5 7 8 |  8.0
Shields        | 4 5 6 |  6.0
Armour         | 4 5 6 |  6.9

Action                   |  1- 3 |  4- 6 |  7- 9 || total
-------------------------+-------+-------+-------++-------
Melee: Long sword        |    92 |   331 |   320 ||   743
Evoke: Wand              |       |       |     5 ||     5
  Use: Scroll            |     4 |     9 |     4 ||    17
       Potion            |       |     2 |     6 ||     8
Armor: Scale mail        |    32 |   118 |   146 ||   296
Dodge: Dodged            |    28 |   109 |   128 ||   265
Block: Kite shield       |    40 |   276 |   213 ||   529
       Reflection        |       |    11 |     2 ||    13
       Rpst.: Long sword |    10 |    35 |    30 ||    75

Table legend: (Time is in decaauts)
 A = Elapsed time spent in this place.
 B = Non-inter-level travel time spent in this place.
 C = Inter-level travel time spent in this place.
 D = Time resting spent in this place.
 E = Time spent auto-exploring this place.
 F = Levels seen in this place.
 G = Mean time per level.
                   A        B        C        D        E       F      G
               +--------+--------+--------+--------+--------+-----+--------+
         Total |   9184 |   8721 |    463 |   1632 |   5404 |   9 | 1020.4 |
       Dungeon |   9069 |   8614 |    455 |   1632 |   5329 |   8 | 1133.6 |
        Temple |    115 |    107 |      8 |      0 |     75 |   1 |  115.0 |
               +--------+--------+--------+--------+--------+-----+--------+

Top non-repeatable levels by time:
     D:6: 2032 daAuts
     D:5: 1216 daAuts
     D:7: 1215 daAuts
     D:3: 1207 daAuts
     D:4: 1197 daAuts
     D:1: 1191 daAuts
     D:2: 943 daAuts
  Temple: 115 daAuts
     D:8: 64 daAuts
